AoeStats
← Mauser5339

Arabia

510189669Analyzed
1v1 RM · 2d ago on Sep 29, 2026· 38m 0s· 2 players
Game mode
Random Map
Map size
Tiny (2 player)
Population
200
Speed
Normal
Resources
Standard
Victory
Conquest
Starting age
Dark Age
Ending age
Imperial Age
RankedLock teamsTeams togetherTeam positionsShared explorationLock speedFull tech treeHidden civsTurbo modeCheats
Victory
Defeat
🇨🇴 Chinese · Colombia
1091
+18
🇦🇷 Wei · Argentina
1144
-18
Mauser5339
10:08 Feudal Age
10:14 Loom
15:48 Castle Age
14:34 Double-Bit Axe
17:23 Bow Saw
18:00 Gold Mining
17:54 Horse Collar
19:44 Forging
27:24 Elite Skirmisher
28:17 Town Watch
32:12 Wheelbarrow
36:05 Bloodlines
Pájaro de bronce
0:34 Loom
9:58 Feudal Age
10:07 Man-at-Arms
10:45 Double-Bit Axe
13:29 Arson
18:24 Town Watch
21:20 Castle Age
19:03 Horse Collar
19:35 Fletching
20:44 Padded Archer Armor
21:50 Forging
21:25 Crossbowman
22:39 Bodkin Arrow
22:53 Squires
23:21 Bow Saw
24:26 Scale Mail Armor
28:43 Wheelbarrow
28:27 Heavy Plow
28:19 Gold Mining
30:14 Hand Cart
31:52 Chain Mail Armor
35:24 Imperial Age
33:29 Stone Mining
36:36 Iron Casting
35:30 Capped Ram
36:37 Conscription
37:44 Two-Man Saw
37:55 Elite Fire Lancer
Connection lost

Rejoining the realm…

Still unreachable

The connection could not be restored.

Session expired

The server has moved on; the page needs a fresh start.